 Dungeon Crawl Stone Soup version 0.24.0-124-g2791043dd8 (webtiles) character file.

Game seed: 20066717795951756, levelgen mode: deterministic

64 HawFromDerth the Sneak (level 3, -1/18 HPs)
             Began as a Spriggan Assassin on Feb 15, 2020.
             Slain by a worker ant (5 damage)
             ... on level 2 of the Dungeon.
             The game lasted 00:05:22 (1804 turns).

HawFromDerth the Sneak (Spriggan Assassin)          Turns: 1804, Time: 00:05:23

Health: -1/18      AC:  3    Str:  7    XL:     3   Next: 91%
Magic:  4/4        EV: 17    Int: 12    God:
Gold:   84         SH:  0    Dex: 18    Spells: 2/2 levels left

rFire    . . .     SeeInvis +   a - +2 dagger
rCold    . . .     Gourm    .   (shield restricted)
rNeg     . . .     Faith    .   b - +0 robe
rPois    .         Spirit   .   (helmet restricted)
rElec    .         Reflect  .   c - +0 cloak
rCorr    .         Harm     .   (gloves unavailable)
MR       .....                  (boots unavailable)
Stlth    ++++......             (no amulet)
HPRegen  0.06/turn              (no ring)
MPRegen  0.09/turn              (no ring)

@: very quick
A: very small, unfitting armour, see invisible, herbivore, speed 3, slow
metabolism 2
a: no special abilities


You were on level 2 of the Dungeon.
You were not hungry.

You visited 1 branch of the dungeon, and saw 2 of its levels.

You collected 84 gold pieces.

Inventory:

Hand Weapons
 a - a +2 dagger (weapon)
 l - a +0 short sword
Missiles
 d - a poisoned dart (quivered)
 e - a curare-tipped dart
Armour
 b - a +0 robe (worn)
 c - a +0 cloak (worn)
Scrolls
 h - a scroll of magic mapping {unknown}
 j - 2 scrolls of fog {unknown}
 k - a scroll of identify {unknown}
 o - a scroll of remove curse {unknown}
Potions
 g - 3 potions of curing {unknown}
 i - 3 potions of might {unknown}
 m - a potion of brilliance {unknown}
 n - a potion of flight {unknown}
Comestibles
 f - 4 rations


   Skills:
 + Level 1.8 Fighting
 + Level 3.0 Short Blades
 * Level 2.3 Throwing
 + Level 2.2 Dodging
 + Level 7.1 Stealth


You had 2 spell levels left.
You didn't know any spells.
Your spell library was empty.

Dungeon Overview and Level Annotations

Branches:
Dungeon (2/15)

Altars:


Innate Abilities, Weirdness & Mutations

You are very small and have problems with some larger weapons.
You are too small for most types of armour.
You have supernaturally acute eyesight. (SInv)
You are a herbivore.
You cover ground extremely quickly.
You need to consume almost no food.


Message History

Press: ? - help, Shift-Dir - straight line, f/p - worm
Aim: a worm (moderately wounded, poisoned)
You throw a poisoned dart.
The poisoned dart barely misses the worm.
Throwing (i - inventory. (/) - cycle)
d - 2 poisoned darts (quivered)
Press: ? - help, Shift-Dir - straight line, f/p - worm
Aim: a worm (lightly wounded, poisoned)
You throw a poisoned dart. The poisoned dart hits the worm.
The worm looks even sicker.
The worm is lightly wounded.
Things that are here:
a +0 club; a rat corpse You hit the worker ant.
The worker ant is lightly wounded.
The worker ant bites you.
* * * LOW HITPOINT WARNING * * *
You hit the worker ant but do no damage.
The worker ant is lightly wounded.
The worker ant closely misses you. The worker ant bites you.
You die...

#.....†....##............#
#.......(..#####.#.#......
########..........#
#.#.#..##.#
.......(..######..##
#.#.#..##.# ####...(..#
##... ..#.#......
####(....w#
#..######.##.##..
........).# #......# #..
........((########......#
..........(.w...@a......#
..........##.#####......#
..(......###.# #......#
... .......#.# #.#
#......# ... #.######.#
#.# #......#... #. #.# #.#
#......#.## # #.#
#.######........#.. #.#
#.##................
..............a.....


You could see a worm and a worker ant.

Vanquished Creatures
  A worker ant (D:2)
  A worm (D:2)
  2 leopard geckos
  3 bats (D:1)
  A giant cockroach (D:2)
  5 goblins
  7 hobgoblins
  4 jackals (D:1)
  A quokka (D:2)
  A frilled lizard (D:1)
  4 kobolds (D:1)
  3 rats
33 creatures vanquished.

Notes
Turn   | Place    | Note
-------+----------+-------------------------------------------
     0 | D:1      | HawFromDerth the Spriggan Assassin began the quest for the
                  | Orb.
     0 | D:1      | Reached XP level 1. HP: 10/10 MP: 2/2
    19 | D:1      | Reached skill level 6 in Stealth
   268 | D:1      | Reached XP level 2. HP: 11/14 MP: 3/3
  1343 | D:2      | Reached XP level 3. HP: 17/18 MP: 4/4
  1358 | D:2      | Reached skill level 7 in Stealth
  1804 | D:2      | Slain by a worker ant

Levels and vault maps discovered:
D:1:      dpeg_arrival_morbid_curiosity, layout_basic, nrook_mini_vaults
D:2:      layout_basic, minmay_pentomino_x4

Skill      XL: |  1  2  3 |
---------------+----------+-----
Stealth        | 6 7 |  7.1
Dodging        | 2 |  2.2
Short Blades   | 3 |  3.0
Fighting       | |  1.8
Throwing       | |  2.3

Action                   || total
-------------------------++-------
Melee: Dagger            ||   142
Throw: Dart              ||    27
 Stab: Sleeping          ||     2
       Distracted        ||     1
Armor: Robe              ||    26
Dodge: Dodged            ||   122
